 Dungeon Crawl Stone Soup version 0.24.0-29-g8ce449bc06 (webtiles) character file.

Game seed: 62732268589855454, levelgen mode: deterministic

8984 CurryBlack the Spear-Bearer (level 11, -2/96 (97) HPs)
             Began as a Minotaur Berserker on Nov 15, 2019.
             Was a High Priest of Trog.
             Slain by a manticore (9 damage)
             ... on level 11 of the Dungeon.
             The game lasted 00:30:48 (8014 turns).

CurryBlack the Spear-Bearer (Minotaur Berserker)    Turns: 8014, Time: 00:30:48

HP:   -2/96 (97)    AC: 14    Str: 29    XL:     11   Next: 17%
MP:   3/3           EV: 15    Int:  7    God:    Trog [*****.]
Gold: 58            SH:  0    Dex: 13    Spells: 10/10 levels left

rFire    + . .     SeeInvis .   P - +6 halberd (antimagic)
rCold    + . .     Gourm    +   (shield currently unavailable)
rNeg     + . .     Faith    .   v - +2 scale mail {rF+}
rPois    .         Spirit   .   (helmet restricted)
rElec    .         Reflect  .   i - +0 cloak
rCorr    .         Harm     .   N - +1 pair of gloves {Dex+3}
MR       .....                  (no boots)
Stlth    ..........             H - amulet of the gourmand
HPRegen  0.26/turn              x - +3 ring of intelligence
MPRegen  0.08/turn              I - ring "Bosch" {+Inv rC+ rN+ Str+4}

@: barbed spikes
A: retaliatory headbutt, horns 2
a: Berserk, Trog's Hand, Brothers in Arms, Renounce Religion, Evoke Invisibility


You were on level 11 of the Dungeon.
You worshipped Trog.
Trog was extremely pleased with you.
You were completely stuffed.

You visited 2 branches of the dungeon, and saw 12 of its levels.
You visited 1 bazaar.

You collected 677 gold pieces.
You spent 619 gold pieces at shops.

Inventory:

Hand Weapons
 A - the +6 spear of Egras {flame, +Inv rPois Int-4}
   (You found it on level 4 of the Dungeon)

   It has been specially enchanted to burn those struck by it, causing extra
   injury to most foes and up to half again as much damage against particularly
   susceptible opponents.
   It affects your intelligence (-4).
   It protects you from poison.
   It lets you turn invisible.
 P - a +6 antimagic halberd (weapon)
Missiles
 l - 257 arrows
 q - 83 bolts
 C - 97 sling bullets
 E - 4 atropa-tipped darts (quivered)
Armour
 i - a +0 cloak (worn)
 v - a +2 scale mail of fire resistance (worn)
 B - a +2 scale mail of cold resistance
 N - a +1 pair of gloves of dexterity (worn)
Jewellery
 f - an uncursed ring of positive energy
 j - an uncursed amulet of the acrobat
 w - an uncursed ring of flight
 x - a +3 ring of intelligence (left hand)
 H - an amulet of the gourmand (around neck)
 I - the ring "Bosch" (right hand) {+Inv rC+ rN+ Str+4}
   (You bought it in a shop in a bazaar)

   [ring of protection from cold]

   It affects your strength (+4).
   It protects you from cold.
   It protects you from negative energy.
   It lets you turn invisible.
Wands
 a - a wand of polymorph (5)
 y - a wand of random effects (102)
 M - a wand of flame (16)
Scrolls
 d - a scroll of random uselessness {unknown}
 e - 4 scrolls of enchant armour {unknown}
 g - 3 scrolls of torment {unknown}
 h - 2 scrolls of remove curse
 m - 7 scrolls of teleportation
 r - 5 scrolls of fog {unknown}
 u - 2 scrolls of amnesia {unknown}
 G - a scroll of noise {unknown}
Potions
 b - a potion of mutation
 k - 2 potions of resistance
 n - a potion of flight
 o - 5 potions of curing
 p - 2 potions of cancellation
 s - a potion of brilliance
 t - a potion of magic
 D - 2 potions of heal wounds
 F - a potion of ambrosia
 J - a potion of might {unknown}
 O - a potion of lignification
Miscellaneous
 z - a fan of gales
 L - a sack of spiders
Comestibles
 c - 15 rations


   Skills:
 + Level 9.5 Fighting
   Level 6.5(9.4) Axes
 * Level 10.5(11.2) Polearms
 + Level 9.1 Armour
 + Level 8.4 Dodging
   Level 7.9 Shields


You had 10 spell levels left.
You didn't know any spells.
Your spell library was empty.

Dungeon Overview and Level Annotations

Branches:
Dungeon (11/15)            Temple (1/1) D:5            Lair (0/6) D:11
    Orc (0/2) D:10

Altars:
Ashenzari
Cheibriados
Dithmenos
Elyvilon
Fedhas
Gozag
Hepliaklqana
Kikubaaqudgha
Makhleb
Nemelex Xobeh
Okawaru
Qazlal
Ru
Sif Muna
Trog
Uskayaw
Vehumet
Wu Jian
Xom
Yredelemnul
Zin
The Shining One

Shops:
D:4 :   D:7 [

Annotations:
D:4 2 runed translucent doors


Innate Abilities, Weirdness & Mutations

You reflexively headbutt those who attack you in melee.
You have a pair of horns on your head.


Message History

The manticore is moderately wounded.
The manticore barely misses you. The manticore claws you.
The manticore barely misses you.
Attack whom?
Press: ? - help, Dir - move target cursor, f/p - manticore
Aim: a manticore (moderately wounded)
You completely miss the manticore.
The manticore is moderately wounded.
The manticore bites you!
* * * LOW HITPOINT WARNING * * *
The manticore claws you but does no damage.
The manticore claws you!
* * * LOW HITPOINT WARNING * * *
Attack whom?
Press: ? - help, Dir - move target cursor, f/p - manticore
Aim: a manticore (moderately wounded)
You slice the manticore!!
The manticore is almost dead.
The manticore misses you. The manticore claws you!
You die...

,,,,,,,********,#....°°°#********
,,,,,,,* #.#°°○.°.°# ,,,,,,,*
#.#°°○.○..# ,,****** #.#.°☼.☼○°#
*** #)#°°°†°○.# #.#.○○.°○°#
#.#°○..○°.# #H#.°°..°°#
#.@......## #.......## #...<..(#
#...†...# #...?...# #.......#
#.......# #.......# #.>.....#


You could see a manticore.

Vanquished Creatures
  A hydra (D:11)
  A two-headed ogre (D:10)
  Pikel (D:7)
  An ugly thing (D:6)
  Maurice (D:9)
  3 wyverns
  Menkaure (D:7)
  Edmund (D:6)
  A water moccasin (D:11)
  Duvessa (D:6)
  2 orc warriors
  A sky beast (D:10)
  3 slaves (D:7)
  An eye of draining (D:6)
  3 ice beasts
  A black bear (D:8)
  2 necrophages
  3 phantoms
  5 ogres
  5 centaurs
  A crocodile (D:4)
  A big kobold (D:7)
  3 bullfrogs
  A gnoll sergeant (D:8)
  Dowan (D:6)
  2 wyvern skeletons (D:8)
  3 scorpions
  23 killer bees
  5 wights (D:8)
  6 howler monkeys
  A crimson imp (D:6)
  5 hounds
  2 quasits
  A bullfrog zombie (D:9)
  6 orc priests
  5 jellies
  Crazy Yiuf (D:6)
  A bullfrog skeleton (D:9)
  2 centaur skeletons
  4 iguanas
  Ijyb (D:3)
  Terence (D:2)
  7 orc wizards
  5 worker ants
  A killer bee zombie (D:9)
  2 hound zombies
  2 hound skeletons
  2 worker ant zombies
  7 gnolls
  11 adders
  4 oozes
  2 adder zombies
  3 adder skeletons
  4 worms
  4 dart slugs
  2 leopard geckos
  18 orcs
  7 bats
  10 giant cockroaches
  9 goblins
  9 hobgoblins
  2 jackals (D:4)
  3 ball pythons
  8 frilled lizards
  7 kobolds
  A leopard gecko skeleton (D:8)
  A leopard gecko zombie (D:9)
  8 rats
253 creatures vanquished.

Vanquished Creatures (others)
  A shadow (D:11)
1 creature vanquished.

Grand Total: 254 creatures vanquished

Notes
Turn   | Place    | Note
-------+----------+-------------------------------------------
     0 | D:1      | CurryBlack the Minotaur Berserker began the quest for the
                  | Orb.
     0 | D:1      | Reached XP level 1. HP: 19/19 MP: 0/0
   159 | D:1      | Reached XP level 2. HP: 26/27 MP: 1/1
   162 | D:1      | Found a shattered altar of Ashenzari.
   280 | D:1      | Reached XP level 3. HP: 14/33 MP: 2/2
   573 | D:1      | Reached ** piety under Trog
   923 | D:2      | Reached XP level 4. HP: 37/40 MP: 3/3
  1039 | D:2      | Found a shadowy altar of Dithmenos.
  1180 | D:2      | Reached skill level 1 in Shields
  1345 | D:2      | Noticed Terence
  1355 | D:2      | Killed Terence
  1538 | D:3      | Reached XP level 5. HP: 17/47 MP: 4/4
  1781 | D:3      | Noticed Ijyb
  1791 | D:3      | Killed Ijyb
  2016 | D:3      | Noticed a shadow
  2066 | D:3      | Reached *** piety under Trog
  2071 | D:3      | Noticed a phantom
  2097 | D:3      | Killed a phantom
  2097 | D:3      | Reached skill level 5 in Fighting
  2097 | D:3      | Reached skill level 5 in Axes
  2097 | D:3      | Reached XP level 6. HP: 51/56 MP: 5/5
  2229 | D:4      | Found Tyquq's Book Shop.
  2294 | D:4      | Found a white marble altar of Elyvilon.
  2320 | D:4      | Found a large runed translucent door.
  2339 | D:4      | Found a large runed translucent door.
  2506 | D:4      | Found a large runed translucent door.
  2526 | D:4      | Found a large runed translucent door.
  2540 | D:4      | Reached XP level 7. HP: 61/61 MP: 6/6
  2563 | D:4      | Got an ancient spear
  2567 | D:4      | Lost intelligence.
  2567 | D:4      | Identified the +6 spear of Egras {flame, +Inv rPois Int-4}
                  | (You found it on level 4 of the Dungeon)
  2843 | D:4      | Reached skill level 5 in Armour
  3220 | D:5      | Entered Level 5 of the Dungeon
  3433 | D:5      | Reached skill level 1 in Polearms
  3576 | D:5      | Found a staircase to the Ecumenical Temple.
  3578 | D:5      | Reached skill level 2 in Polearms
  3616 | Temple   | Entered the Ecumenical Temple
  4141 | D:6      | Found a transporter.
  4151 | D:6      | Noticed a cyan ugly thing
  4151 | D:6      | Found an iron altar of Okawaru.
  4155 | D:6      | Found a transporter.
  4159 | D:6      | Reached skill level 5 in Dodging
  4159 | D:6      | Reached XP level 8. HP: 58/70 MP: 0/7
  4164 | D:6      | Killed a cyan ugly thing
  4164 | D:6      | Reached skill level 4 in Polearms
  4171 | D:6      | Reached skill level 5 in Shields
  4242 | D:6      | Noticed Edmund
  4254 | D:6      | Killed Edmund
  4273 | D:6      | Reached **** piety under Trog
  4414 | D:6      | Noticed Dowan
  4415 | D:6      | Noticed Duvessa
  4429 | D:6      | Killed Duvessa
  4429 | D:6      | Reached skill level 5 in Polearms
  4437 | D:6      | Killed Dowan
  4581 | D:6      | Reached XP level 9. HP: 79/79 MP: 8/8
  4681 | D:6      | Found a runed translucent door.
  4682 | D:6      | Noticed Crazy Yiuf
  4688 | D:6      | Killed Crazy Yiuf
  4879 | D:7      | Reached skill level 6 in Polearms
  5011 | D:7      | Got a spiked ring mail
  5084 | D:7      | Found Iteli's Armour Shop.
  5090 | D:7      | Noticed Pikel
  5110 | D:7      | Killed Pikel
  5163 | D:7      | Reached skill level 7 in Polearms
  5186 | D:7      | Noticed Menkaure
  5195 | D:7      | Killed Menkaure
  5249 | D:7      | Found a glowing golden altar of the Shining One.
  5505 | D:7      | Identified the cursed +1 ring mail of Kinasso {Dex+3} (You
                  | found it on level 7 of the Dungeon)
  5665 | D:8      | Reached skill level 8 in Polearms
  5702 | D:8      | Reached XP level 10. HP: 71/87 MP: 9/9
  5730 | D:8      | Found a flagged portal.
  5736 | D:8      | Received a gift from Trog
  5900 | D:8      | Reached ***** piety under Trog
  6252 | D:9      | Reached skill level 9 in Polearms
  6349 | D:9      | Noticed Maurice
  6385 | D:9      | Killed Maurice
  6648 | D:9      | Found a snail-covered altar of Cheibriados.
  6746 | D:9      | Received a gift from Trog
  7287 | D:10     | Entered Level 10 of the Dungeon
  7317 | D:10     | Reached skill level 10 in Polearms
  7425 | D:10     | Noticed a two-headed ogre
  7435 | D:10     | Killed a two-headed ogre
  7435 | D:10     | Reached XP level 11. HP: 68/96 MP: 3/10
  7791 | D:10     | Found a staircase to the Orcish Mines.
  7921 | D:11     | Found a flickering gateway to a bazaar.
  7921 | D:11     | Noticed a five-headed hydra
  7928 | D:11     | Killed a seven-headed hydra
  7937 | Bazaar   | Entered a bazaar
  7937 | Bazaar   | Found Sufu's Food Shop.
  7937 | Bazaar   | Found Aneboj's General Store.
  7937 | Bazaar   | Found Othryacw's Jewellery Shop.
  7937 | Bazaar   | Found Vuivitis's Jewellery Shoppe.
  7939 | Bazaar   | Found Famazij's Book Boutique.
  7939 | Bazaar   | Found Pufuoth's Distillery.
  7985 | Bazaar   | Bought the ring "Bosch" {+Inv rC+ rN+ Str+4} for 619 gold
                  | pieces
  8014 | D:11     | Slain by a manticore

Levels and vault maps discovered:
D:1:      evilmike_arrival_hilbert_curve, layout_loops_ring, ashenzari_altar_1
D:2:      layout_loops_cross, lemuel_doored_altar, uniq_terence
D:3:      layout_loops_cross, lightli_corner_chamber, uniq_ijyb
D:4:      layout_gridville, elyvilon_altar_3, serial_shops,
          nicolae_shop_waterfront, first_ration, minmay_hollow_rounded_squares
D:5:      layout_gridville, minmay_temple_entry_mini_moons
D:6:      layout_loops_cross, gammafunk_temple_overflow_arena,
          uniq_crazy_yiuf_cottage, uniq_edmund, uniq_duvessa
D:7:      layout_loops_ring, nicolae_tso_carved_into_rock, serial_shops, shop,
          grunt_ogre_cave, uniq_pikel, uniq_menkaure
D:8:      layout_cave_pools, enter_bailey_3, minmay_misc_feat_diagonals
D:9:      layout_basic, nicolae_overflow_crystal_walls, uniq_maurice
D:10:     layout_irregular_city, orc_0_dummy
D:11:     layout_cross, dpeg_lair_monsters, gauntlet_entry_generic, basic_altar,
          portal_ice_cave_entry_pillars_2, serial_shops, bzr_firewalk,
          hangedman_glass_garden
Temple:   eino_temple_rhombus

Skill      XL: |  1  2  3  4  5  6  7  8  9 10 11 |
---------------+----------------------------------+-----
Fighting       | 4 5 6 7 8 9 |  9.5
Axes           | 4 5 6 |  6.5
Armour         | 3 4 5 6 7 8 9 |  9.1
Dodging        | 3 4 5 7 8 |  8.4
Shields        | 1 2 3 4 5 7 |  7.9
Polearms       | 2 5 8 10 | 10.5

Action                   |  1- 3 |  4- 6 |  7- 9 | 10-12 || total
-------------------------+-------+-------+-------+-------++-------
Melee: Hand axe          |    86 |   163 |    56 |       ||   305
       Headbutt          |    15 |    29 |    49 |    56 ||   149
       Spear             |       |       |   231 |   184 ||   415
       Halberd           |       |       |       |    70 ||    70
Invok: Berserk           |       |     3 |     1 |     1 ||     5
       Trog's Hand       |       |     2 |     1 |       ||     3
  Use: Scroll            |       |     5 |     7 |     4 ||    16
 Stab: Sleeping          |     1 |       |       |       ||     1
  Eat: Chunk             |       |     8 |    15 |    19 ||    42
       Ration            |       |       |     1 |       ||     1
Armor: Animal skin       |    14 |       |       |       ||    14
       Chain mail        |     9 |     7 |       |       ||    16
       Scale mail        |       |    37 |    71 |    74 ||   182
       Ring mail         |       |       |     2 |       ||     2
Dodge: Dodged            |    41 |    38 |   113 |   140 ||   332
Block: Shield            |    17 |    55 |   101 |    98 ||   271
